 Dungeon Crawl Stone Soup version 0.25.1-8-g42b30a86e7 (webtiles) character file.

Game seed: 5169721900920147283

1073 H0rd4k the Cutter (level 8, -5/58 HPs)
             Began as a Human Artificer on Nov 26, 2020.
             Was an Initiate of Gozag.
             Shot with an arrow by a centaur (12 damage)
             ... on level 7 of the Dungeon on Nov 30, 2020.
             The game lasted 00:12:38 (6353 turns).

H0rd4k the Cutter (Human Artificer)                 Turns: 6353, Time: 00:12:39

Health: -5/58      AC:  6    Str: 16    XL:     8   Next: 54%
Magic:  0/11       EV: 13    Int: 11    God:    Gozag
Gold:   604        SH:  0    Dex: 13    Spells: 7/7 levels left

rFire    . . .     SeeInvis .   C - +3 dagger
rCold    + . .     Gourm    .   (no shield)
rNeg     . . .     Faith    .   c - +2 leather armour {rPois}
rPois    +         Spirit   +   (no helmet)
rElec    .         Reflect  .   (no cloak)
rCorr    .         Harm     .   r - +0 pair of gloves
MR       .....                  (no boots)
Stlth    ++........             g - amulet of guardian spirit
HPRegen  0.19/turn              v - ring of poison resistance
MPRegen  0.12/turn              y - ring of protection from cold

@: studying Armour
A: no striking features
a: Potion Petition, Call Merchant, Bribe Branch, Renounce Religion


You were on level 7 of the Dungeon.
You worshipped Gozag.
Gozag was pleased with you.
You were very hungry.

You visited 1 branch of the dungeon, and saw 8 of its levels.

You collected 639 gold pieces.
You paid 35 gold pieces to Gozag.

Inventory:

Hand Weapons
 a - a +0 short sword
 A - a +1 shortbow of freezing
 C - a +3 dagger (weapon)
Missiles
 B - 91 arrows
Armour
 b - a +0 leather armour
 c - a +2 leather armour of poison resistance (worn)
 n - a +0 leather armour
 r - a +0 pair of gloves (worn)
Jewellery
 g - an amulet of guardian spirit (around neck)
 v - a ring of poison resistance (left hand)
 y - a ring of protection from cold (right hand)
Wands
 d - a wand of enslavement (1)
 e - a wand of random effects (10)
 x - a wand of iceblast (8)
 E - a wand of digging (5)
Scrolls
 k - 3 scrolls of amnesia {unknown}
 l - a scroll of remove curse
 p - a scroll of random uselessness {unknown}
 q - 3 scrolls of identify
 s - 2 scrolls of teleportation
 t - a scroll of immolation {unknown}
 u - 2 scrolls of fog {unknown}
 w - a scroll of fear {unknown}
Potions
 h - 2 potions of might {unknown}
 i - 2 potions of degeneration {unknown}
 m - 2 potions of brilliance {unknown}
 o - 3 potions of curing {unknown}
 D - a potion of lignification {unknown}
Books
 z - a manual of Armour
Comestibles
 f - 4 rations


   Skills:
 + Level 3.5 Fighting
 + Level 5.2 Short Blades
 + Level 3.9 Armour
 + Level 4.2 Dodging
 + Level 2.9 Stealth
 + Level 4.5 Evocations


You had 7 spell levels left.
You didn't know any spells.
Your spell library was empty.

Dungeon Overview and Level Annotations

Branches:
Dungeon (8/15)             Temple (0/1) D:6
   Lair: D:8-11

Altars:
Gozag
Nemelex Xobeh
Qazlal
Vehumet
Wu Jian
The Shining One

Annotations:
D:3 exclusion: phantom
D:4 exclusion: hornet
D:5 Eustachio
D:6 exclusion: centaur, Maggie
D:7 Prince Ribbit
D:8 Maurice


Message History

A centaur comes into view.
The centaur wields a +0 shortbow.
The centaur shoots an arrow.
The arrow barely misses you.
You see here an arrow.
The centaur shoots an arrow.
The arrow hits you!
* * * LOW HITPOINT WARNING * * *
A scorpion comes into view.
You see here an arrow.
Unknown command.
As you read the scroll of teleportation, it crumbles to dust.
You feel strangely unstable.
The centaur shoots an arrow.
The arrow hits you.
* * * LOW HITPOINT WARNING * * *
The gnoll hits you but does no damage.
You feel much better. The gnoll closely misses you.
The centaur shoots an arrow.
The arrow hits you!
* * * LOW HITPOINT WARNING * * *
Your surroundings suddenly seem different.
The centaur shoots an arrow.
The arrow hits you!
You die...
Your body crumbles into a pile of gold.

.. .#........ ...
...#....# .#
.............# #.##
.............###...#
......##..........
.......>..........
...............#
.....##.......#...
.....#..J.F#@.#..#
.........g###.....#
..........(.........
# #...............#.
#..##.###.......#
... ## .......# ..
......## ..#cs.#
.##...#


You could see a centaur and a scorpion.

Vanquished Creatures
  A shadow (D:6)
  An ice beast (D:5)
  A necrophage (D:6)
  An ogre (D:4)
  2 centaurs (D:6)
  2 scorpions
  A crimson imp (D:5)
  2 jellies (D:5)
  2 orc wizards (D:6)
  A worker ant (D:5)
  A hound skeleton (D:6)
  A howler monkey zombie (D:6)
  2 gnolls (D:8)
  3 adders
  An ooze (D:2)
  An adder skeleton (D:4)
  4 worms
  A dart slug (D:4)
  5 leopard geckos
  8 orcs
  3 ball pythons
  4 bats
  10 giant cockroaches
  5 hobgoblins
  6 jackals
  2 quokkas
  3 frilled lizards
  7 goblins
  4 kobolds
  6 rats
91 creatures vanquished.

Vanquished Creatures (collateral kills)
  A centaur (D:6)
1 creature vanquished.

Vanquished Creatures (others)
  A hornet (D:6)
  A jelly (D:8)
  A worker ant (D:5)
  An orc (D:6)
4 creatures vanquished.

Grand Total: 96 creatures vanquished

Notes
Turn   | Place    | Note
-------+----------+-------------------------------------------
     0 | D:1      | H0rd4k the Human Artificer began the quest for the Orb.
     0 | D:1      | Reached XP level 1. HP: 15/15 MP: 3/3
   428 | D:1      | Reached XP level 2. HP: 21/21 MP: 4/4
  1287 | D:2      | Upgraded the game from 0.25.1-4-g9407a263a5 to
                  | 0.25.1-8-g42b30a86e7
  1289 | D:2      | Reached XP level 3. HP: 11/26 MP: 5/5
  1897 | D:2      | Found a radiant altar of Vehumet.
  2156 | D:2      | Found an ornate altar of the Wu Jian Council.
  2302 | D:2      | Reached XP level 4. HP: 32/32 MP: 6/6
  2543 | D:3      | Found an opulent altar of Gozag.
  2644 | D:3      | Became a worshipper of Gozag Ym Sagoz the Greedy
  2675 | D:3      | Reached skill level 2 in Short Blades
  3076 | D:3      | Reached skill level 1 in Armour
  3076 | D:3      | Reached XP level 5. HP: 31/37 MP: 7/7
  3368 | D:4      | Noticed an ogre
  3372 | D:4      | Killed an ogre
  3372 | D:4      | Reached XP level 6. HP: 43/44 MP: 4/8
  3427 | D:4      | Noticed a hornet
  3512 | D:4      | Noticed a phantom
  3537 | D:5      | Entered Level 5 of the Dungeon
  3872 | D:5      | Reached skill level 3 in Short Blades
  3975 | D:5      | Noticed an ice beast
  4007 | D:5      | Killed an ice beast
  4255 | D:5      | Noticed an ogre
  4265 | D:5      | Noticed a sky beast
  4475 | D:5      | Reached XP level 7. HP: 31/51 MP: 7/10
  5228 | D:4      | Found a glowing golden altar of the Shining One.
  5297 | D:4      | Found a sparkling altar of Nemelex Xobeh.
  5346 | D:5      | Noticed Eustachio
  5352 | D:6      | Found a stormy altar of Qazlal.
  5456 | D:6      | Noticed a hornet
  5660 | D:6      | Noticed a shadow
  5671 | D:6      | Killed a shadow
  5671 | D:6      | Reached skill level 4 in Short Blades
  5723 | D:6      | Found a staircase to the Ecumenical Temple.
  5735 | D:6      | Reached XP level 8. HP: 55/58 MP: 11/11
  5908 | D:6      | Reached skill level 5 in Short Blades
  6191 | D:6      | Noticed Maggie
  6213 | D:7      | Noticed Prince Ribbit
  6243 | D:8      | Noticed Maurice
  6353 | D:7      | Shot with an arrow by a centaur

Illustrated notes

Levels and vault maps discovered:
D:1:      dpeg_cavernosity, layout_basic, minivault_5
D:2:      layout_rooms, nicolae_overflow_hidden_temple,
          nicolae_overflow_crystal_walls, minmay_strange_pillars
D:3:      layout_loops_ring, grunt_gozag_statues, hangedman_abyss_or_decor_stabs
D:4:      layout_cave_pools, marbit_many_paths, gup_sewer_entry_spiral,
          first_ration, nemelex_spade_bored_becter
D:5:      layout_loops_ring, tgw_xom, ebering_ghost_reflecting_pool,
          uniq_eustachio
D:6:      minmay_angry_zag, layout_rooms, old_standard_altar,
          minmay_temple_entry_purple_smoke, basic_altar, minmay_manual_mail,
          uniq_maggie
D:7:      layout_cave_pools, nicolae_qazlal_general_emergency,
          uniq_prince_ribbit1, uniq_harold
D:8:      layout_loops_ring, eat_drink_and_be_merry_uskayaw,
          makhleb_grotto_becter, lemuel_mausoleum_altar_yredelemnul, uniq_pikel,
          uniq_maurice

Skill      XL: |  1  2  3  4  5  6  7  8 |
---------------+-------------------------+-----
Short Blades   | 2 3 4 5 |  5.2
Armour         | 1 2 3 |  3.9
Dodging        | 3 4 |  4.2
Fighting       | 2 3 |  3.5
Evocations     | 4 |  4.5
Stealth        | 2 |  2.9

Action                   |  1- 3 |  4- 6 |  7- 9 || total
-------------------------+-------+-------+-------++-------
Melee: Short sword       |   134 |   156 |   168 ||   458
       Dagger            |       |       |    63 ||    63
Evoke: Wand              |     3 |    19 |    16 ||    38
  Use: Scroll            |       |     3 |     1 ||     4
       Potion            |       |       |     2 ||     2
 Stab: Sleeping          |       |       |     2 ||     2
       Distracted        |       |       |     3 ||     3
  Eat: Chunk             |     4 |     2 |       ||     6
       Ration            |       |     2 |     1 ||     3
Armor: Leather armour    |    36 |    28 |    56 ||   120
Dodge: Dodged            |   105 |    99 |   132 ||   336
